AoeStats
← flynorc

Nomad

507167801Analyzed
2v2 RM · 15d ago on Sep 16, 2026· 45m 22s· 4 players
Game mode
Random Map
Map size
176×176
Population
200
Speed
Normal
Resources
Standard
Victory
Conquest
Starting age
Dark Age
Ending age
Imperial Age
RankedLock teamsTeams togetherTeam positionsShared explorationLock speedFull tech treeHidden civsTurbo modeCheats
Victory
Defeat
🇺🇸 Bulgarians · United States
1475
+14
🇦🇹 Berbers · Austria
1434
+16
🇺🇸 Franks · United States
1443
-15
🇨🇦 Hindustanis · Canada
1425
-15
Paparoni
9:08 Loom
12:33 Feudal Age
22:43 Castle Age
23:47 Fletching
31:12 Bodkin Arrow
rconant93
3:50 Loom
12:59 Feudal Age
17:02 Castle Age
17:03 Fletching
18:05 Bodkin Arrow
26:30 Double-Bit Axe
27:15 Forging
27:56 Medium Warships
28:08 Town Watch
29:38 Wheelbarrow
30:37 Scale Mail Armor
31:20 Gold Mining
35:26 Stone Mining
36:11 Gold Shaft Mining
37:00 Chain Mail Armor
36:35 Fishing Lines
38:26 #83
39:25 Ballistics
41:34 Gillnets
45:07 Imperial Age
44:57 Bow Saw
44:48 Arson
45:04 Squires
flynorc
3:53 Loom
16:58 Feudal Age
20:55 Castle Age
18:54 Fishing Lines
20:02 Double-Bit Axe
24:41 Castle Age
24:17 Bloodlines
24:14 Scale Barding Armor
24:52 Forging
25:44 Chain Barding Armor
25:39 Fletching
26:00 Husbandry
27:03 Iron Casting
26:49 Bodkin Arrow
27:46 Wheelbarrow
26:57 Town Watch
31:33 Gillnets
32:10 Gold Mining
32:31 Bow Saw
32:03 Horse Collar
36:21 Hand Cart
43:12 Imperial Age
43:37 Medium Warships
43:51 Ballistics
44:30 Plate Barding Armor
43:18 Cavalier
44:36 Masonry
45:27 Chemistry
45:31 Blast Furnace
Advanta09
12:13 Feudal Age
12:17 Loom
21:04 Castle Age
20:14 Fletching
21:11 Double-Bit Axe
21:09 Horse Collar
21:20 Gold Mining
22:41 Bow Saw
22:54 Fishing Lines
24:14 Gillnets
25:00 Bodkin Arrow
26:23 Bloodlines
29:13 Heavy Plow
30:14 Padded Archer Armor
31:26 Ballistics
31:40 Leather Archer Armor
35:11 Wheelbarrow
38:00 Thumb Ring
37:59 Stone Mining
40:04 Masonry
40:32 Gillnets
41:41 Hand Cart
41:12 Town Watch
45:44 Imperial Age
44:29 Husbandry
Connection lost

Rejoining the realm…

Still unreachable

The connection could not be restored.

Session expired

The server has moved on; the page needs a fresh start.